 Dungeon Crawl Stone Soup version 0.24-a0-630-g0d56a851f4 (webtiles) character file.

Game seed: 13518385881500624798, levelgen mode: deterministic

6064 Majang the Transmogrifier (level 10, -9/46 HPs)
             Began as a Felid Transmuter on Sept 19, 2019.
             Was an Elder of Cheibriados.
             Mangled by a tyrant leech (17 damage)
             ... on level 3 of the Lair of Beasts on Sept 20, 2019.
             The game lasted 01:42:00 (18056 turns).

Majang the Transmogrifier (Felid Transmuter)       Turns: 18056, Time: 01:42:01

Health: -9/46      AC:  5    Str: 19    XL:     10   Next: 57%
Magic:  21/21      EV: 29    Int: 25    God:    Cheibriados [****..]
Gold:   248        SH:  4    Dex: 27    Spells: 6/22 levels left
                                        Lives:  0   Deaths: 2

rFire    . . .     SeeInvis +     - Unarmed
rCold    + . .     Gourm    .   (shield unavailable)
rNeg     . . .     Faith    .   (armour unavailable)
rPois    .         Spirit   .   (helmet unavailable)
rElec    .         Reflect  +   (cloak unavailable)
rCorr    .         Harm     .   (gloves unavailable)
MR       +....                  (boots unavailable)
Stlth    ++++......             l - +4 amulet of reflection
HPRegen  0.15/turn              j - +3 ring of protection
MPRegen  0.17/turn              f - ring of protection from cold

@: about to teleport, very slow
A: very small, no armour, no weapons or thrown items, stealth, claws 1, fangs 3,
see invisible, carnivore, speed 1, shaggy fur 2, slow metabolism 1, sharp paws
a: Bend Time, Temporal Distortion, Slouch, Renounce Religion


You were on level 3 of the Lair of Beasts.
You worshipped Cheibriados.
Cheibriados was greatly pleased with you.
You were not hungry.

You visited 3 branches of the dungeon, and saw 14 of its levels.

You collected 689 gold pieces.
You spent 441 gold pieces at shops.

Inventory:

Missiles
 a - 139 arrows
Jewellery
 f - a ring of protection from cold (right paw)
 j - a +3 ring of protection (left paw)
 l - a +4 amulet of reflection (around neck)
 v - an uncursed ring of protection from cold
Wands
 k - a wand of digging (3)
 m - a wand of enslavement (4)
 q - a wand of flame (29)
 s - a wand of iceblast (15)
Scrolls
 e - 3 scrolls of identify
 i - 5 scrolls of teleportation
 n - 3 scrolls of amnesia
 r - 4 scrolls of remove curse
Potions
 b - 8 potions of brilliance
 d - 6 potions of curing
 g - 2 potions of lignification
 h - 2 potions of might
 o - 2 potions of flight
 p - a potion of cancellation
 t - a potion of resistance
Comestibles
 c - 26 rations


   Skills:
 + Level 6.9 Fighting
 + Level 9.5 Dodging
 + Level 4.5 Stealth
 * Level 10.4 Unarmed Combat
 + Level 6.7 Spellcasting
 * Level 10.9 Transmutations
 - Level 2.0 Ice Magic
 + Level 5.6 Earth Magic
 + Level 2.0 Invocations
 + Level 0.2 Evocations


You had 6 spell levels left.
You knew the following spells:

 Your Spells              Type           Power        Failure   Level  Hunger
a - Beastly Appendage     Tmut           ######       1%          1    None
h - Blade Hands           Tmut           ######....   2%          5    #####..
i - Ice Form              Ice/Tmut       #####...     4%          4    ###....
n - Sticks to Snakes      Tmut           ######..     1%          2    None
p - Petrify               Tmut/Erth      #####...     2%          4    ###....

Your spell library contained the following spells:

 Spells                   Type           Power        Failure   Level  Hunger
 Spider Form              Tmut/Pois      #####.....   2%          3    None
 Confusing Touch          Hex            #.....       7%          1    None
 Magic Dart               Conj           #...         7%          1    None
 Summon Butterflies       Summ           #.......     7%          1    None
 Ensorcelled Hibernation  Hex/Ice        ##....       7%          2    None
 Throw Frost              Conj/Ice       ##....       7%          2    None
 Blink                    Tloc           N/A          11%         2    None
 Call Imp                 Summ           #.......     11%         2    None
 Searing Ray              Conj           #.....       11%         2    None
 Slow                     Hex            #.......     11%         2    None
 Call Canine Familiar     Summ           #.......     21%         3    None
 Confuse                  Hex            #.......     21%         3    None
 Conjure Flame            Conj/Fire      #.......     21%         3    None
 Dazzling Spray           Conj/Hex       #.....       21%         3    None
 Gell's Gravitas          Tloc           #.........   21%         3    None
 Mephitic Cloud           Conj/Pois/Air  #.......     21%         3    None
 Yara's Violent Unravell  Hex/Tmut       #####.....   21%         5    #####..
 Summon Ice Beast         Ice/Summ       ##......     41%         4    ###....
 Force Lance              Conj/Tloc      #.......     56%         4    ###....
 Fulminant Prism          Conj/Hex       #.........   56%         4    ###....
 Iskenderun's Mystic Bla  Conj           #.......     56%         4    ###....
 Metabolic Englaciation   Hex/Ice        ##........   77%         5    #####..
 Bolt of Draining         Conj/Necr      #.........   88%         5    #####..
 Dispel Undead            Necr           #.......     88%         5    #####..
 Summon Mana Viper        Hex/Summ       #.......     88%         5    #####..
 Simulacrum               Ice/Necr       ##........   100%        6    ######.
 Summon Hydra             Summ           #.........   100%        7    #######


Dungeon Overview and Level Annotations

Branches:
Dungeon (10/15)            Temple (1/1) D:7            Lair (3/6) D:10
 Spider (0/4) Lair:2
  Swamp: Lair:2-4    Shoals: Lair:2-4       Orc: D:9-12

Altars:
Ashenzari
Cheibriados
Dithmenos
Elyvilon
Fedhas
Gozag
Hepliaklqana
Kikubaaqudgha
Makhleb
Nemelex Xobeh
Okawaru
Qazlal
Ru
Sif Muna
Trog
Uskayaw
Vehumet
Wu Jian
Xom
Yredelemnul
Zin
The Shining One

Shops:
D:6 (   D:8 =


Innate Abilities, Weirdness & Mutations

You cannot wear armour.
You are incapable of wielding weapons or throwing items.
Your paws allow you to move quietly. (Stealth)
You have sharp claws.
You have razor-sharp teeth.
You have supernaturally acute eyesight. (SInv)
You are carnivorous and can eat meat at any time.
You cover ground quickly.
You are covered in thick fur. (AC +2)
You have a slow metabolism.
Your sharp claws are effective at attacking unaware monsters.


Message History

The five-headed hydra bites you!
The spiny frog stings you but does no damage.
The bullfrog hits you but does no damage.
You are now level 10!
You warm up again.
You rejoin the land of the living...
A tyrant leech and a swamp worm come into view.
As you read the scroll of teleportation, it crumbles to dust.
You feel strangely unstable.
The swamp worm throws harpoon shot at you.
The harpoon shot hits you!
You are yanked forward by the harpoon shot.
The tyrant leech bites you!
The tyrant leech draws strength from your injuries!
The swamp worm throws harpoon shot at you.
The harpoon shot hits you!
* * * LOW HITPOINT WARNING * * *
You are yanked forward by the harpoon shot.
The tyrant leech bites you!
You die...

#.. #. ..... #.. ##. .... #..
#.. ... #.. #P.# ..
.r.....#.# #. #...# .#
###...>.###.
#..##..##.####......>....
##..#.....................
.........@w...............
..........w..^............
..........................
...PP........|.......#..##
###P....###..##.....##.#.
##...## .#.###....##...
.....b......#.....##.....#...
......##....#.....##.........
#
.......+...##......#.....#...


You could see a tyrant leech and a swamp worm.

Vanquished Creatures
  Harold (D:9)
  A hydra (D:8)
  A black mamba (Lair:2)
  3 spiny frogs
  2 komodo dragons
  3 trolls (D:9)
  A polar bear (Lair:2)
  A hornet (D:8)
  2 dream sheep (D:8)
  3 hippogriffs
  A wraith (D:10)
  A tarantella (Lair:2)
  25 yaks
  A hungry ghost (D:9)
  A steam dragon (Lair:3)
  2 wargs (D:10)
  2 water moccasins (Lair:3)
  A black bear (D:10)
  3 ice beasts (D:9)
  4 porcupines
  A sky beast (D:4)
  4 orc warriors
  4 ogres
  A phantom (D:4)
  6 wolves (Lair:2)
  4 centaurs
  8 crocodiles
  8 bullfrogs
  3 big kobolds
  2 scorpions (D:8)
  A wyvern skeleton (D:9)
  18 killer bees
  2 electric eels (D:6)
  8 wights
  3 crimson imps
  9 hounds
  A quasit (D:10)
  A gnoll shaman (D:4)
  2 orc priests
  3 bullfrog skeletons
  2 jellies
  4 orc wizards
  4 centaur skeletons
  Terence (D:1)
  An iguana (D:9)
  4 worker ants
  8 hell rats (Lair:1)
  A hound zombie (D:5)
  4 hound skeletons
  13 gnolls
  10 adders
  12 river rats (Lair:1)
  A shadow imp (D:9)
  An ooze (D:3)
  3 adder skeletons
  2 adder zombies
  A worm (D:4)
  2 dart slugs
  6 leopard geckos
  18 orcs
  A ball python (D:2)
  8 giant cockroaches
  6 goblins
  5 hobgoblins
  24 jackals
  7 kobolds
  11 quokkas
  13 bats
  6 frilled lizards
  A leopard gecko skeleton (D:6)
  21 rats
349 creatures vanquished.

Vanquished Creatures (collateral kills)
  A catoblepas (Lair:2)
  A gnoll (D:1)
2 creatures vanquished.

Vanquished Creatures (others)
  A shadow imp (D:5)
  2 fungi (Lair:2)
  A plant (Lair:2)
4 creatures vanquished.

Grand Total: 355 creatures vanquished

Notes
Turn   | Place    | Note
-------+----------+-------------------------------------------
     0 | D:1      | Majang the Felid Transmuter began the quest for the Orb.
     0 | D:1      | Reached XP level 1. HP: 9/9 MP: 4/4
    73 | D:1      | Reached XP level 2. HP: 6/12 MP: 6/6
    86 | D:1      | Learned a level 2 spell: Sticks to Snakes
   711 | D:1      | Reached XP level 3. HP: 6/15 MP: 2/7
  1846 | D:2      | Reached XP level 4. HP: 19/19 MP: 6/8
  1855 | D:2      | Learned a level 4 spell: Ice Form
  1933 | D:2      | Noticed Terence
  2189 | D:2      | Found a shimmering blue altar of Sif Muna.
  3244 | D:3      | Reached XP level 5. HP: 8/22 MP: 9/9
  3461 | D:3      | Found a sparkling altar of Nemelex Xobeh.
  4280 | D:4      | Reached skill level 1 in Ice Magic
  4517 | D:4      | Found an iron altar of Okawaru.
  4765 | D:4      | Gained mutation: You are covered in thick fur. (AC +2)
                  | [Felid growth]
  4765 | D:4      | Reached XP level 6. HP: 21/26 MP: 11/11
  5173 | D:5      | Entered Level 5 of the Dungeon
  5355 | D:1      | Killed Terence
  5428 | D:5      | Found a shimmering altar of Xom.
  5429 | D:5      | Noticed a sky beast
  5479 | D:4      | Killed a sky beast
  5479 | D:4      | Reached XP level 7. HP: 27/30 MP: 12/12
  5581 | D:4      | Reached skill level 5 in Unarmed Combat
  5756 | D:5      | Found a hazy altar of Hepliaklqana.
  5785 | D:6      | Found a transporter.
  5849 | D:6      | Learned a level 4 spell: Petrify
  6125 | D:6      | Reached skill level 5 in Transmutations
  6139 | D:6      | Found Suedgheal's Weapon Emporium.
  6148 | D:6      | Bought 14 arrows for 36 gold pieces
  6371 | D:6      | Identified the Volume of Icy Unholy Arts
  6386 | D:6      | Found a transporter.
  6517 | D:6      | Reached skill level 5 in Dodging
  6517 | D:6      | Reached skill level 1 in Earth Magic
  6969 | D:6      | Reached XP level 8. HP: 34/34 MP: 12/14
  7825 | D:7      | Noticed a hippogriff
  8079 | D:7      | Killed a hippogriff
  8337 | D:7      | Found a staircase to the Ecumenical Temple.
  8411 | Temple   | Entered the Ecumenical Temple
  8649 | D:7      | Reached XP level 9. HP: 15/39 MP: 16/16
 10394 | D:8      | Noticed a three-headed hydra
 10422 | D:8      | Killed a three-headed hydra
 10422 | D:8      | Reached skill level 5 in Fighting
 10422 | D:8      | Reached skill level 5 in Spellcasting
 10453 | D:8      | Reached XP level 10. HP: 44/44 MP: 13/18
 11463 | D:8      | Found Beyludai's Jewellery Shop.
 11475 | D:8      | Bought a +4 amulet of reflection for 405 gold pieces
 13047 | D:9      | Found a snail-covered altar of Cheibriados.
 13055 | D:9      | Became a worshipper of Cheibriados the Contemplative
 13328 | D:9      | Noticed Harold
 13356 | D:9      | Killed Harold
 13356 | D:9      | Reached XP level 11. HP: 48/48 MP: 16/20
 13428 | D:8      | Reached * piety under Cheibriados
 13713 | D:10     | Entered Level 10 of the Dungeon
 13771 | D:10     | Learned a level 5 spell: Blade Hands
 13860 | D:10     | Reached skill level 1 in Stealth
 14339 | D:10     | HP: 2/57 [yak (14)]
 14341 | D:10     | Mangled by a yak
 14342 | D:10     | Reached XP level 10. HP: -6/54 MP: 16/20
 14528 | D:10     | Found a staircase to the Lair.
 14680 | D:10     | Reached skill level 10 in Transmutations
 14786 | D:10     | Reached ** piety under Cheibriados
 14808 | Lair:1   | Entered Level 1 of the Lair of Beasts
 14894 | Lair:1   | Reached skill level 5 in Earth Magic
 15137 | Lair:1   | Noticed a spiny frog
 15146 | Lair:1   | Killed a spiny frog
 15485 | Lair:1   | Reached *** piety under Cheibriados
 16260 | Lair:2   | Noticed a catoblepas
 16301 | Lair:2   | Noticed a spiny frog
 16310 | Lair:2   | Killed a spiny frog
 16548 | Lair:2   | Reached skill level 10 in Unarmed Combat
 16573 | Lair:2   | Noticed a black mamba
 16579 | Lair:2   | Killed a black mamba
 16579 | Lair:2   | Reached XP level 11. HP: 49/49 MP: 17/21
 16767 | Lair:2   | Reached skill level 1 in Invocations
 16970 | Lair:2   | Reached **** piety under Cheibriados
 17379 | Lair:2   | Found a hole to the Spider Nest.
 17546 | Lair:2   | Killed a catoblepas
 18047 | Lair:3   | Noticed a five-headed hydra
 18054 | Lair:3   | HP: 2/58 [five-headed hydra (1)]
 18054 | Lair:3   | Slain by a five-headed hydra
 18055 | Lair:3   | Reached XP level 10. HP: -5/55 MP: 21/21
 18056 | Lair:3   | Mangled by a tyrant leech

Levels and vault maps discovered:
D:1:      eino_arrival_cavern_a, layout_loops_ring,
          chequers_serial_rivers_small_3, chequers_mini_garden
D:2:      layout_loops_ring, led_sif_pool, first_ration, uniq_terence
D:3:      layout_basic, nemelex_altar_shiori, minmay_vboxes
D:4:      layout_loops_ring, lemuel_round_altar
D:5:      layout_loops_cross, xom_confusion_cloud, lemuel_coloured_pillars_altar
D:6:      gammafunk_steamed_eel, layout_basic, serial_shops,
          nicolae_shop_statue_plus, kennysheep_another_room
D:7:      layout_basic, minmay_temple_entry_large_hall
D:8:      layout_rooms, serial_shops,
          nicolae_shop_temple_entry_statues_fountains, hangedman_ranch
          [blue_anna_fruit_fields], chequers_serial_rivers_large_b
D:9:      minmay_ornate_pinched, layout_loops_corners, cheibriados_altar_1,
          uniq_harold
D:10:     layout_cave_pools, erik_lair_orcish_takeover, grunt_ministairs_7
Temple:   lightli_temple_of_artemis
Lair:1:   lemuel_ratsnest, layout_regular_city
Lair:2:   layout_regular_city, spider_nest_entry_rubble, serial_rivers,
          chequers_serial_rivers_small_a, chequers_serial_rivers_small_a,
          chequers_serial_rivers_micro_c, chequers_serial_rivers_small_3
Lair:3:   layout_regular_city, palyth_hydra_swamp_entry,
          chequers_serial_rivers_micro_b, lemuel_fruit_fields, uniq_snorg

Skill      XL: |  1  2  3  4  5  6  7  8  9 10 11 |
---------------+----------------------------------+-----
Dodging        | 3 4 5 6 7 9 |  9.5
Transmutations | 3 4 5 6 8 10 | 10.9
Unarmed Combat | 4 5 6 8 10 | 10.4
Fighting       | 2 3 4 5 6 |  6.9
Ice Magic      | 1 2 |  2.0
Spellcasting   | 3 4 5 6 |  6.7
Earth Magic    | 1 2 3 5 |  5.6
Stealth        | 3 4 |  4.5
Invocations    | 2 |  2.0
Evocations     | |  0.2

Action                   |  1- 3 |  4- 6 |  7- 9 | 10-12 || total
-------------------------+-------+-------+-------+-------++-------
Melee: Unarmed           |   123 |   202 |   299 |   545 ||  1169
       Headbutt          |    17 |    37 |    38 |    17 ||   109
       Bite              |     8 |    16 |    23 |    28 ||    75
       Punch             |     1 |     1 |     7 |    15 ||    24
 Cast: Beastly Appendage |    25 |    38 |    34 |    11 ||   108
       Sticks to Snakes  |     2 |     2 |     3 |     7 ||    14
       Ice Form          |       |       |     4 |    41 ||    45
       Blade Hands       |       |       |       |    14 ||    14
 Abil: End Transformatio |       |       |       |     1 ||     1
Evoke: Wand              |       |     5 |    13 |    28 ||    46
  Use: Potion            |       |     2 |     3 |     2 ||     7
       Scroll            |       |     4 |    11 |    12 ||    27
 Stab: Sleeping          |     1 |     4 |     5 |     8 ||    18
  Eat: Chunk             |    10 |     7 |     8 |    34 ||    59
Armor: Skin              |     1 |    21 |    34 |    75 ||   131
Dodge: Dodged            |    83 |   161 |   316 |   298 ||   858
Block: Other             |       |       |       |    54 ||    54
       Reflection        |       |       |       |     1 ||     1

Table legend:
 A = Non-vault XP
 B = Vault XP
 C = Vault XP percentage of total XP
 D = Non-vault monster count
 E = Vault monster count
 F = Vault count percentage of total count
                 A         B        C        D         E       F
            +---------+---------+-------+---------+---------+-------
      Total |   18043 |    5995 |  24.9 |     271 |      80 |  22.8
            +---------+---------+-------+---------+---------+-------
        D:1 |      58 |      36 |  38.3 |      27 |       1 |   3.6
        D:2 |      49 |       2 |   3.9 |      23 |       1 |   4.2
        D:3 |     130 |       8 |   5.8 |      19 |       5 |  20.8
        D:4 |     360 |     133 |  27.0 |      23 |       1 |   4.2
        D:5 |     394 |      63 |  13.8 |      15 |       4 |  21.1
        D:6 |     785 |     112 |  12.5 |      17 |       2 |  10.5
        D:7 |     756 |     444 |  37.0 |      16 |       3 |  15.8
        D:8 |    1776 |    1636 |  47.9 |      32 |       5 |  13.5
        D:9 |    2605 |    2376 |  47.7 |      38 |      12 |  24.0
       D:10 |    1984 |     519 |  20.7 |      13 |       7 |  35.0
     Temple |       2 |       0 |   0.0 |       1 |       0 |   0.0
     Lair:1 |    2040 |     456 |  18.3 |      11 |      38 |  77.6
     Lair:2 |    6174 |     210 |   3.3 |      29 |       1 |   3.3
     Lair:3 |     930 |       0 |   0.0 |       7 |       0 |   0.0
            +---------+---------+-------+---------+---------+-------
